 Dungeon Crawl Stone Soup version 0.18.1-48-g4cf74bf (console) character file.

7087 Kloppie the Carver (level 10, -6/87 HPs)
             Began as a Demonspawn Fighter on June 26, 2016.
             Was a High Priest of Okawaru.
             Mangled by a vampire (8 damage)
             ... on level 8 of the Dungeon.
             The game lasted 00:17:20 (11103 turns).

Kloppie the Carver (Demonspawn Fighter)            Turns: 11103, Time: 00:17:21

Health: -6/87      AC: 10    Str: 16    XL:     10   Next: 84%
Magic:  11/13      EV: 13    Int: 10    God:    Okawaru [*****.]
Gold:   429        SH: 11    Dex: 18    Spells: 0 memorised, 9 levels left

rFire  . . .     SeeInvis .     a - +3 long sword
rCold  + . .     Gourm    .     b - +0 scale mail
rNeg   . . .     Faith    .     c - +0 shield
rPois  .         Spirit   .     y - +1 hat {MR+}
rElec  .         Dismiss  .     w - +0 cloak
rCorr  .         Reflect  .     (no gloves)
SustAt .         Harm     .     (boots unavailable)
MR     ++...                    (no amulet)
Stlth  ++........               u - +2 ring of evasion
                                e - ring of protection from magic

@: heroism, very resistant to hostile enchantments, unstealthy
A: talons 3, thin skeletal structure 1, cold resistance 1, freezing cloud
immunity
a: Heroism, Finesse, Renounce Religion


You were on level 8 of the Dungeon.
You worshipped Okawaru.
Okawaru was extremely pleased with you.
You were not hungry.

You visited 3 branches of the dungeon, and saw 11 of its levels.

You collected 429 gold pieces.

Inventory:

Hand Weapons
 a - a +3 long sword (weapon)
 D - the +7 Singing Sword
   (You found it on level 6 of the Dungeon)
Armour
 b - a +0 scale mail (worn)
 c - a +0 shield (worn)
 w - a +0 cloak (worn)
 y - a +1 hat of magic resistance (worn)
Jewellery
 d - an uncursed amulet of faith
 e - a ring of protection from magic (left hand)
 p - an uncursed ring of fire
 u - a +2 ring of evasion (right hand)
Wands
 x - a wand of iceblast (9/15)
 z - a wand of slowing (17/48)
 C - a wand of enslavement (9/24)
Scrolls
 h - 3 scrolls of recharging
 k - 2 scrolls of fog
 m - 2 scrolls of magic mapping
 r - 2 scrolls of enchant weapon
 v - a scroll of blinking
 B - 3 scrolls of remove curse
 F - a scroll of enchant armour {unknown}
 G - a scroll of teleportation
Potions
 g - 2 potions of flight
 i - a potion of brilliance
 n - 2 potions of agility
 o - 2 potions of mutation
 s - a potion of degeneration {unknown}
 t - a potion of ambrosia {unknown}
 A - a potion of experience {unknown}
Comestibles
 f - 8 bread rations
 j - 4 meat rations
 l - 7 beef jerkies


   Skills:
 + Level 11.0(16.0) Fighting
 + Level 11.3(16.3) Long Blades
 - Level 2.6(7.6) Armour
 - Level 2.6(7.6) Shields
 - Level 4.2 Invocations


You had 9 spell levels left.
You didn't know any spells.

Dungeon Overview and Level Annotations

Branches:
Dungeon (9/15)             Temple (1/1) D:5            Lair (1/8) D:8
    Orc: D:9-12

Altars:
Ashenzari
Dithmenos
Elyvilon
Fedhas
Gozag
Kikubaaqudgha
Makhleb
Nemelex Xobeh
Okawaru
Pakellas
Qazlal
Ru
Sif Muna
Trog
Vehumet
Xom
Yredelemnul
Zin
The Shining One

Annotations:
D:9 Erolcha


Innate Abilities, Weirdness & Mutations

You have claws for feet.
You have a somewhat thin skeletal structure (Dex +2, Stealth).
Your flesh is cold resistant.
You are immune to freezing clouds.


Message History

Drink which item? (? for menu, Esc to quit)
You feel better.
The orc wizard casts a spell.
The orc wizard blinks!
Something hits you but does no damage. Something bites you.
* * * LOW HITPOINT WARNING * * *
Something draws strength from your injuries!
Drink which item? (? for menu, Esc to quit)
You feel better. Something hits you.
* * * LOW HITPOINT WARNING * * *
Something bites you but does no damage.
You gain the combat prowess of a mighty hero.
You feel slightly more hungry. Something hits you.
* * * LOW HITPOINT WARNING * * *
Something bites you.
* * * LOW HITPOINT WARNING * * *
Something draws strength from your injuries!
You hit something. You claw something. Something hits you but does no damage.
Something bites you!
You die...

#.....#.# #>............
##############.#.# #.............
#....).........#.# #.............
....#####.....##.# #o............
....# #.....##.###'{...........
....#####.....##.##..............
....##..'.....'..##..............
.....#.##..)..#####......>.......
.....#.########.@{{....o.........
.....#.# #.##o.....(........
.....#.# #.##...............
.....#.# #.##....(.......#..
######.## #.#####(........##.
#....# #.# ##.........##. #....#
#.# #)............ #....# #.#
#.############ #....# #.# #.#
#######


You could see an orc wizard and an orc.

Vanquished Creatures
  The ghost of Kloppie the Carver, a novice DsFi (D:7)
  The ghost of Kisielow the Carver, a novice MiFi (D:6)
  Pikel (D:6)
  A troll (D:9)
  Grinder (D:4)
  6 yaks
  3 hungry ghosts (D:8)
  A hippogriff (D:7)
  2 porcupines (D:7)
  A water moccasin (Lair:1)
  An ice beast (D:7)
  An orc warrior (D:7)
  2 slaves
  2 sky beasts
  4 ogres
  2 phantoms
  5 centaurs
  5 giant frogs
  11 wights
  6 killer bees (D:8)
  3 howler monkeys
  3 crimson imps
  2 jellies
  2 giant frog skeletons
  A hound (D:6)
  7 orc priests
  A centaur skeleton (D:6)
  2 iguanas
  5 orc wizards
  2 hell rats
  4 worker ants
  A hound skeleton (D:6)
  7 gnolls
  8 adders
  A river rat (D:7)
  A shadow imp (D:6)
  3 oozes
  2 adder zombies
  2 worms (D:2)
  2 dart slugs (D:1)
  6 giant geckos
  28 orcs
  2 ball pythons
  8 bats
  7 giant cockroaches
  13 goblins
  8 hobgoblins
  4 quokkas
  4 giant newts
  6 kobolds
  10 rats
212 creatures vanquished.

Vanquished Creatures (others)
  A slave (D:7)
  An orc wizard (D:7)
  An adder (D:7)
3 creatures vanquished.

Grand Total: 215 creatures vanquished

Notes
Turn   | Place    | Note
--------------------------------------------------------------
     0 | D:1      | Kloppie the Demonspawn Fighter began the quest for the Orb.
     0 | D:1      | Reached XP level 1. HP: 18/18 MP: 1/1
   128 | D:1      | Gained mutation: You have sharp toenails. [demonic ancestry]
   128 | D:1      | Reached XP level 2. HP: 17/24 MP: 2/2
   492 | D:1      | Gained mutation: You have razor-sharp toenails. [demonic ancestry]
   492 | D:1      | Reached XP level 3. HP: 27/29 MP: 3/3
  1405 | D:2      | Reached XP level 4. HP: 34/35 MP: 4/4
  1904 | D:3      | Gained mutation: Your flesh is cold resistant. [demonic ancestry]
  1904 | D:3      | Reached XP level 5. HP: 27/42 MP: 5/5
  2685 | D:3      | Found a deep blue altar of Sif Muna.
  2788 | D:3      | Reached skill level 5 in Long Blades
  2870 | D:3      | Gained mutation: You have a somewhat thin skeletal structure (Dex +2, Stealth). [demonic ancestry]
  2870 | D:3      | Reached XP level 6. HP: 49/49 MP: 6/6
  3291 | D:4      | Noticed Grinder
  3304 | D:4      | Paralysed by Grinder for 4 turns
  3319 | D:4      | Killed Grinder
  3319 | D:4      | Reached skill level 5 in Fighting
  3319 | D:4      | Reached XP level 7. HP: 19/56 MP: 7/7
  3744 | D:5      | Entered Level 5 of the Dungeon
  3747 | D:5      | Found a shadowy altar of Dithmenos.
  4002 | D:5      | Found a staircase to the Ecumenical Temple.
  4009 | Temple   | Entered the Ecumenical Temple
  4205 | Temple   | Became a worshipper of Warmaster Okawaru
  4432 | D:5      | Found a radiant altar of Vehumet.
  4769 | D:6      | Noticed Kisielow's ghost (novice MiFi)
  4964 | D:7      | Noticed Pikel
  5448 | D:6      | Reached XP level 8. HP: 59/64 MP: 8/8
  5500 | D:6      | Found a blossoming altar of Fedhas.
  5657 | D:6      | Reached skill level 1 in Invocations
  5985 | D:6      | Killed Kisielow's ghost
  5985 | D:6      | Reached * piety under Okawaru
  6305 | D:7      | Gained mutation: You have claws for feet. [demonic ancestry]
  6305 | D:7      | Reached XP level 9. HP: 56/72 MP: 12/12
  6364 | D:7      | Reached ** piety under Okawaru
  6625 | D:6      | Killed Pikel
  6690 | D:7      | Noticed Kloppie's ghost (novice DsFi)
  6701 | D:7      | Killed Kloppie's ghost
  6701 | D:7      | Reached *** piety under Okawaru
  7181 | D:7      | Found an ancient bone altar of Kikubaaqudgha.
  7191 | D:7      | Reached skill level 10 in Long Blades
  7317 | D:7      | Found a glowing silver altar of Zin.
  7317 | D:7      | Noticed an angel
  7775 | D:7      | Gained mutation: You are immune to freezing clouds. [demonic ancestry]
  7775 | D:7      | Reached XP level 10. HP: 63/83 MP: 13/13
  8372 | D:8      | Reached **** piety under Okawaru
  8627 | D:8      | Found a staircase to the Lair.
  8976 | D:8      | Reached skill level 10 in Fighting
  9961 | D:8      | Reached ***** piety under Okawaru
 10432 | D:9      | Found a shattered altar of Ashenzari.
 10473 | D:9      | Noticed Erolcha
 10611 | Lair:1   | Entered Level 1 of the Lair of Beasts
 10634 | Lair:1   | Noticed a four-headed hydra
 11099 | D:8      | HP: 3/87 [something (2)]
 11102 | D:8      | HP: 1/87 [something (5)]
 11103 | D:8      | Mangled by a vampire

Skill      XL: |  1  2  3  4  5  6  7  8  9 10 |
---------------+-------------------------------+-----
Long Blades    | 2 3 4 5 6 7 8 10 11 | 11.3
Fighting       | 4 5 7 9 11 | 11.0
Invocations    | 4 |  4.2
Armour         | |  2.6
Shields        | |  2.6

Action                   |  1- 3 |  4- 6 |  7- 9 | 10-12 || total
-------------------------+-------+-------+-------+-------++-------
Melee: Long sword        |   139 |   176 |   127 |    42 ||   484
       Kick              |    15 |    43 |    75 |    62 ||   195
       Double sword      |       |       |   107 |   171 ||   278
Invok: Heroism           |       |       |       |     3 ||     3
  Use: Scroll            |     7 |       |     7 |     4 ||    18
       Potion            |       |     2 |       |     4 ||     6
  Eat: Chunk             |     2 |     6 |     7 |     6 ||    21
       Meat ration       |       |       |     1 |     2 ||     3
       Royal jelly       |       |       |     1 |     2 ||     3
Armor: Scale mail        |    60 |    63 |    74 |    75 ||   272
Dodge: Dodged            |    40 |    42 |    54 |    70 ||   206
Block: Shield            |    70 |    76 |   105 |   107 ||   358
